 Dungeon Crawl Stone Soup version 0.30-a0-757-ga6a79fd877 (webtiles) character file.

Game seed: 18382914069701163141

381 mandoloar the Conjurer (level 6, -1/45 HPs)
             Began as a Draconian Conjurer on Feb 10, 2023.
             Slain by an iguana (6 damage)
             ... on level 4 of the Dungeon.
             The game lasted 00:16:02 (6167 turns).

mandoloar the Conjurer (Draconian Conjurer)         Turns: 6167, Time: 00:16:03

Health: -1/45      AC:  6    Str: 10    XL:     6   Next: 46%
Magic:  13/13      EV: 12    Int: 20    God:
Gold:   245        SH:  0    Dex:  9    Spells: 3/14 levels left

rFire   . . .      SeeInvis .    a - +2 dagger (drain)
rCold   . . .      Faith    .    (no shield)
rNeg    . . .      Spirit   .    (body armour unavailable)
rPois   .          Reflect  .    (helmet restricted)
rElec   .          Harm     .    (no cloak)
rCorr   .          Rampage  .    (no gloves)
Will    .....                    (no boots)
Stlth   ++                       (no amulet)
HPRegen 0.27/turn                (no ring)
MPRegen 0.13/turn                (no ring)

@: about to teleport
A: AC +6, unfitting armour, cold-blooded
a: no special abilities


You were on level 4 of the Dungeon.
You visited 1 branch of the dungeon, and saw 5 of its levels.

You collected 245 gold pieces.

Inventory:

Hand Weapons
 a - a +2 dagger of draining (weapon)
Scrolls
 b - a scroll of identify
 c - 2 scrolls of enchant armour {unknown}
 e - a scroll of fog {unknown}
 k - a scroll of silence
Potions
 d - a potion of magic
 g - 3 potions of degeneration
 h - 2 potions of heal wounds
 i - 3 potions of curing
 j - a potion of ambrosia
 l - a potion of flight
 m - a potion of lignification {unknown}
 n - a potion of attraction {unknown}


   Skills:
 - Level 1.7 Dodging
 - Level 1.7 Stealth
 + Level 4.7 Spellcasting
 + Level 6.2 Conjurations


You had 3 spell levels left.
You knew the following spells:

 Your Spells              Type           Power      Damage    Failure   Level
a - Magic Dart            Conj           100%       1d8       1%          1
b - Searing Ray           Conj           58%        2d6       1%          2
c - Fulminant Prism       Conj/Hex       8%         3d7       32%         4
d - Iskenderun's Mystic   Conj/Tloc      17%        2d5       32%         4

Your spell library contained the following spells:

 Spells                   Type           Power      Damage    Failure   Level
 Dazzling Flash           Conj/Hex       34%        N/A       10%         3
 Fireball                 Conj/Fire      8%         3d6       67%         5
 Spellforged Servitor     Conj/Summ      8%         N/A       100%        7
 Lehudib's Crystal Spear  Conj/Erth      8%         10d4      100%        8


Dungeon Overview and Level Annotations

Branches:
Dungeon (5/15)
 Temple: D:4-7

Altars:
Ashenzari
Nemelex Xobeh
Ru


Innate Abilities, Weirdness & Mutations

Your plain brown scales are hard. (AC +6)
You cannot fit into any form of body armour.
You are cold-blooded and may be slowed by cold attacks.


Message History

The howler monkey closely misses you.
The howler monkey hoots and howls with incredible vigour!
The howler monkey barely misses you.
You hear a shout! x4; You hear an angry hiss.
You hear a shout!
You hear an angry hiss.
You climb upwards.
There is a stone staircase leading down here.
The magic dart hits the howler monkey.
You kill the howler monkey!
You can't see any susceptible monsters within range! (Use Z to cast anyway.)
You start resting.
You feel yourself speed up.
You start resting.
Your magical contamination has completely faded away.
You start resting.
Magic restored.
You climb downwards.
The gnoll shouts!
An orc priest comes into view. It is wielding a +0 club.
The iguana bites you!
An iguana comes into view.
An ufetubus comes into view.
The scorpion misses you.
There is a stone staircase leading up, spattered with blood here.
The ufetubus shouts!
The iguana misses you. The scorpion stings you. x2
You climb upwards.
There is a stone staircase leading down here.
The iguana closely misses you. The scorpion stings you.
The scorpion attacks as you move away! The scorpion misses you.
The iguana bites you! The scorpion barely misses you.
The iguana attacks as you move away! The iguana bites you!
* * * LOW HITPOINT WARNING * * *
Okay, then.
As you read the scroll of teleportation, it crumbles to dust.
You feel strangely unstable. The scorpion closely misses you.
The scorpion stings you.
* * * LOW HITPOINT WARNING * * *
The iguana bites you.
You die...

...........#
##..##...........###
...)......##
#................#.
.##......##
#>...............#.
###......#
#................'.
##..>...##
#................#.
#........#
#................#.
##........#
#........######..##
#.........##
#sls.....#≈§≈≈#..#
...........#
#.@......#≈..§#.##
...........#
#........#≈_>≈#.#
...........#
#........#≈≈≈§#.#
...........##
##.......####'#.# #
............#
#...........[..###
............#
#.............###.
............#
##..........####..
............#
#.......###......
##..........#
##......## ###....


You could see 2 scorpions and an iguana.

Vanquished Creatures
  A necrophage (D:4)
  A howler monkey (D:4)
  2 orc priests (D:3)
  A jelly (D:4)
  An iguana (D:4)
  An orc wizard (D:2)
  5 adders
  A white imp (D:3)
  2 worms
  2 dart slugs
  11 orcs
  6 ball pythons
  4 bats
  7 endoplasms
  A giant cockroach (D:1)
  5 hobgoblins
  4 quokkas
  9 frilled lizards
  6 goblins
  6 kobolds
  7 rats
83 creatures vanquished.

Notes
Turn   | Place    | Note
-------+----------+-------------------------------------------
     0 | D:1      | mandoloar the Draconian Conjurer began the quest for the
                  | Orb.
     0 | D:1      | Reached XP level 1. HP: 14/14 MP: 3/3
   606 | D:1      | Reached XP level 2. HP: 20/20 MP: 1/5
  1094 | D:1      | Learned a level 2 spell: Searing Ray
  1736 | D:2      | Got the Tome of the Salvo
  1978 | D:2      | Reached XP level 3. HP: 26/26 MP: 4/7
  2873 | D:3      | Found a faded altar of an unknown god.
  3375 | D:2      | Reached XP level 4. HP: 32/33 MP: 4/8
  3418 | D:2      | Reached skill level 5 in Conjurations
  4238 | D:3      | Reached XP level 5. HP: 20/38 MP: 2/10
  5219 | D:4      | Identified the +1 ring mail "Quazul" {Harm rC+ rCorr}
  5336 | D:4      | Found a sparkling altar of Nemelex Xobeh.
  5341 | D:4      | Reached XP level 6. HP: 45/45 MP: 8/12
  5347 | D:4      | Learned a level 4 spell: Fulminant Prism
  5352 | D:4      | Learned a level 4 spell: Iskenderun's Mystic Blast
  5480 | D:4      | Reached skill level 6 in Conjurations
  5718 | D:4      | Found a sacrificial altar of Ru.
  5831 | D:4      | Found a broken altar of Ashenzari.
  6091 | D:5      | Entered Level 5 of the Dungeon
  6167 | D:4      | Slain by an iguana

Illustrated notes

Levels and vault maps discovered:
D:1:      dpeg_arrival_water_fire, layout_basic, grunt_decor_junction
D:2:      layout_basic, minmay_lizard_pond
D:3:      layout_loops_corners, shapermc_ecumenical_altar_pompeii,
          grunt_ministairs_6
D:4:      layout_cave_pods, kennysheep_little_box, general_overflow_altar,
          kennysheep_mini_moat
D:5:      layout_cave_pools, nicolae_overflow_crystal_walls, minmay_hedge_maze,
          nrook_mini_vaults

Skill      XL: |  1  2  3  4  5  6 |
---------------+-------------------+-----
Spellcasting   | 3 4 |  4.7
Conjurations   | 5 6 |  6.2
Dodging        | |  1.7
Stealth        | |  1.7

Action                     |  1- 3 |  4- 6 || total
---------------------------+-------+-------++-------
  Melee: Dagger            |     8 |     2 ||    10
         Unarmed           |     5 |       ||     5
   Cast: Magic Dart        |    70 |    62 ||   132
         Searing Ray       |     5 |    13 ||    18
    Use: Scroll            |       |    12 ||    12
   Stab: Sleeping          |     2 |       ||     2
 Armour: Skin              |    11 |    14 ||    25
  Dodge: Dodged            |    28 |    22 ||    50

Table legend: (Time is in decaauts)
 A = Elapsed time spent in this place.
 B = Non-inter-level travel time spent in this place.
 C = Inter-level travel time spent in this place.
 D = Time resting spent in this place.
 E = Time spent auto-exploring this place.
 F = Levels seen in this place.
 G = Mean time per level.
                   A        B        C        D        E       F      G
               +--------+--------+--------+--------+--------+-----+--------+
         Total |   6175 |   5957 |    218 |   2067 |   3351 |   5 | 1235.0 |
       Dungeon |   6175 |   5957 |    218 |   2067 |   3351 |   5 | 1235.0 |
               +--------+--------+--------+--------+--------+-----+--------+

Top non-repeatable levels by time:
     D:2: 1773 daAuts
     D:3: 1770 daAuts
     D:1: 1495 daAuts
     D:4: 1126 daAuts
     D:5: 9 daAuts
